 Dungeon Crawl Stone Soup version 0.28.0-53-g5a82cb258f (webtiles) character file.

Game seed: 16206125987372099228

245 garblovian the Chopper (level 5, -1/42 HPs)
             Began as a Minotaur Gladiator on Aug 7, 2022.
             Killed by nerve-wracking pain
             ... invoked by Menkaure
              (7 damage)
             ... on level 5 of the Dungeon.
             The game lasted 00:17:24 (5063 turns).

garblovian the Chopper (Minotaur Gladiator)         Turns: 5063, Time: 00:17:24

Health: -1/42      AC:  4    Str: 21    XL:     5   Next: 84%
Magic:  4/4        EV: 12    Int:  5    God:
Gold:   214        SH:  0    Dex: 11    Spells: 4/4 levels left

rFire   . . .      SeeInvis .   a - +0 war axe
rCold   . . .      Faith    .   (no shield)
rNeg    . . .      Spirit   .   b - +0 leather armour
rPois   .          Reflect  .   c - +0 hat
rElec   .          Harm     .   l - +0 cloak
rCorr   .          Rampage  .   (no gloves)
Will    .....                   (no boots)
Stlth   +.........              (no amulet)
HPRegen 0.14/turn               (no ring)
MPRegen 0.09/turn               (no ring)

@: no status effects
A: horns 2, retaliatory headbutt
a: no special abilities


You were on level 5 of the Dungeon.
You visited 2 branches of the dungeon, and saw 6 of its levels.

You collected 214 gold pieces.

Inventory:

Hand Weapons
 a - a +0 war axe (weapon)
Missiles
 j - a throwing net (quivered)
Armour
 b - a +0 leather armour (worn)
 c - a +0 hat (worn)
 d - a +0 robe
 l - a +0 cloak (worn)
Jewellery
 i - an amulet of reflection
Scrolls
 f - a scroll of enchant weapon {unknown}
 g - a scroll of magic mapping {unknown}
 h - a scroll of vulnerability {unknown}
 k - a scroll of torment {unknown}
 n - a scroll of brand weapon {unknown}
 p - 3 scrolls of fear {unknown}
 q - a scroll of enchant armour {unknown}
 r - 2 scrolls of immolation {unknown}
Potions
 e - 2 potions of heal wounds {unknown}
 m - a potion of ambrosia {unknown}
 o - a potion of curing {unknown}


   Skills:
 - Level 2.4 Fighting
 * Level 7.7 Axes
 - Level 2.4 Throwing
 - Level 0.9 Armour
 - Level 3.2 Dodging


You had 4 spell levels left.
You didn't know any spells.
Your spell library contained the following spells:

 Spells                   Type           Power      Damage    Failure   Level
 Summon Small Mammal      Summ           0%         N/A       52%         1
 Ensorcelled Hibernation  Hex/Ice        0%         N/A       67%         2
 Passwall                 Tmut/Erth      0%         N/A       67%         2
 Call Canine Familiar     Summ           0%         N/A       88%         3
 Summon Guardian Golem    Hex/Summ       0%         N/A       88%         3
 Swiftness                Air            0%         N/A       88%         3


Dungeon Overview and Level Annotations

Branches:
Dungeon (5/15)             Temple (1/1) D:4

Altars:
Ashenzari
Cheibriados
Dithmenos
Elyvilon
Fedhas
Gozag
Hepliaklqana
Makhleb
Nemelex Xobeh
Okawaru
Qazlal
Ru
Sif Muna
Trog
Uskayaw
Vehumet
Wu Jian
Xom
Yredelemnul
Zin
The Shining One

Annotations:
D:4 Eustachio
D:5 Menkaure


Innate Abilities, Weirdness & Mutations

You have a pair of horns on your head.
You reflexively headbutt those who attack you in melee.


Message History

Menkaure shouts!
You hear a shout!
Menkaure screams, "Why can't you leave me to my rest?"
The hound zombie bites you.
You barely miss the hound zombie.
The hound zombie is heavily damaged.
The hound zombie bites you but does no damage.
Menkaure gestures wildly while chanting.
Menkaure seems to speed up.
You barely miss the hound zombie.
The hound zombie is heavily damaged.
The hound zombie bites you.
The hound zombie bites you but does no damage.
An iguana comes into view.
The iguana hisses angrily.
The hound zombie barely misses you.
Found a leather armour and a whip.
The hound zombie closely misses you.
Found 17 gold pieces.
Menkaure hits you but does no damage. Menkaure barely misses you.
Menkaure calls on the powers of darkness!
The black bear convulses!
Your body is wracked with pain!
The iguana convulses!
The orc convulses!
The iguana bites you!
* * * LOW HITPOINT WARNING * * *
The orc hits you with a +0 club.
* * * LOW HITPOINT WARNING * * *
The iguana misses you.
Found a stone staircase leading up.
Menkaure mumbles drily.
The iguana barely misses you.
A hound zombie comes into view.
The hound zombie bites you but does no damage.
The iguana misses you.
There is a stone staircase leading up here.
Menkaure barely misses you.
The iguana bites you but does no damage.
The hound zombie closely misses you. You furiously retaliate!
You headbutt the hound zombie. Menkaure casts a spell at you.
Pain shoots through your body!
You die...

....#..........#
##............#
##...#...Zh....#
#..#.......#
..########h######
### #..o.h.#
######o### ...
#######lM.# ###
.......Z@.#
###########


You could see a black bear, Menkaure (fast), an iguana, an orc and a hound
zombie.

Vanquished Creatures
  An orc priest (D:4)
  A centaur skeleton (D:4)
  An orc wizard (D:4)
  Robin (D:2)
  3 gnolls (D:2)
  4 adders
  A worm (D:2)
  A dart slug (D:1)
  4 orcs (D:4)
  6 endoplasms
  3 giant cockroaches
  14 goblins
  6 hobgoblins
  4 jackals (D:5)
  2 quokkas
  3 ball pythons
  6 bats
  2 frilled lizards
  11 kobolds
  4 rats
78 creatures vanquished.

Notes
Turn   | Place    | Note
-------+----------+-------------------------------------------
     0 | D:1      | garblovian the Minotaur Gladiator began the quest for the
                  | Orb.
     0 | D:1      | Reached XP level 1. HP: 18/18 MP: 0/0
   123 | D:1      | Reached skill level 4 in Axes
   123 | D:1      | Reached XP level 2. HP: 20/25 MP: 1/1
   878 | D:1      | Found a faded altar of an unknown god.
  1614 | D:2      | Reached XP level 3. HP: 26/30 MP: 2/2
  1625 | D:2      | Reached skill level 5 in Axes
  2074 | D:2      | Reached XP level 4. HP: 37/37 MP: 3/3
  2390 | D:2      | Noticed Robin
  2409 | D:2      | Killed Robin
  2410 | D:2      | Reached skill level 6 in Axes
  3406 | D:3      | Reached XP level 5. HP: 42/42 MP: 4/4
  4001 | D:4      | Reached skill level 7 in Axes
  4037 | D:4      | Found a staircase to the Ecumenical Temple.
  4487 | Temple   | Entered the Ecumenical Temple
  4943 | D:4      | Noticed Eustachio
  4961 | D:5      | Entered Level 5 of the Dungeon
  4961 | D:5      | Noticed Menkaure
  5034 | D:5      | Noticed a black bear
  5063 | D:5      | Killed from afar by Menkaure

Illustrated notes

Levels and vault maps discovered:
D:1:      tarquinn_simple_flora_water_e, layout_basic,
          dilly_ecumenical_altar_fadedgnrine, minmay_misc_feat_room
D:2:      layout_rooms, roderic_three_in_a_row, uniq_robin
D:3:      layout_loops_ring, minmay_misc_feat_x, minmay_misc_feat_columns
D:4:      layout_cave_pools, minmay_temple_entry_statues_pillars, hex_medium,
          uniq_eustachio
D:5:      layout_rooms, uniq_menkaure
Temple:   mainiacjoe_temple_trianglar_array

Skill      XL: |  1  2  3  4  5 |
---------------+----------------+-----
Axes           | 4 5 6 7 |  7.7
Fighting       | |  2.4
Throwing       | |  2.4
Armour         | |  0.9
Dodging        | |  3.2

Action                   |  1- 3 |  4- 6 || total
-------------------------+-------+-------++-------
Melee: War axe           |    63 |    87 ||   150
       Headbutt          |     9 |    15 ||    24
       Punch             |     1 |     1 ||     2
Throw: Throwing net      |     4 |     3 ||     7
  Use: Scroll            |       |     1 ||     1
 Stab: Held in net/web   |       |     1 ||     1
Armor: Leather armour    |    15 |    37 ||    52
Dodge: Dodged            |    43 |    65 ||   108
